Map: Eternal Empire LE

Players

IIIIIllllIIl (Creator) - Winner!

  • Race: Protoss Protoss
  • League: Grandmaster
  • Spawn Location: 7:00

Maru

  • Race: Terran Terran
  • League: Grandmaster
  • Spawn Location: 1:00

VOD

Have the link to the VOD?

Description

Time

  • Played on: Jan. 6, 2020, 8:44 p.m.
  • Length: 11:19
Show
View Real Time Build Order
Export as new Build Order

IIIIIllllIIl Protoss - Winner!

Build Orders: 1 Gate Expand, Phoenix Opening, Colossus Rush 

Get SALT Encoding   

  12  0:00  Probe  
  13  0:12  Probe  
  14  0:18  Pylon  
  14  0:25  Probe (Chrono Boost)  
  15  0:37  Probe (Chrono Boost)  
  15  0:38  Gateway  
  16  0:45  Probe (Chrono Boost), Assimilator  
  17  0:51  Probe  
  18  1:03  Probe  
  19  1:15  Probe  
  20  1:22  Nexus  
  20  1:30  Cybernetics Core  
  20  1:34  Probe  
  20  1:38  Assimilator  
  21  1:46  Probe  
  22  1:48  Pylon  
  22  1:58  Probe  
  23  2:04  Adept (Chrono Boost)  
  25  2:10  Probe  
  25  2:11  Stargate  
  26  2:19  Warp Gate  
  26  2:22  Probe  
  27  2:24  Adept (Chrono Boost)  
  29  2:34  Probe (Chrono Boost)  
  31  2:40  Probe (Chrono Boost)  
  31  2:44  Probe (Chrono Boost)  
  32  2:48  Probe (Chrono Boost)  
  32  2:49  Probe (Chrono Boost)  
  33  2:55  Phoenix  
  35  2:58  Probe (Chrono Boost)  
  35  3:00  Probe (Chrono Boost)  
  37  3:10  Pylon  
  39  3:12  Probe (Chrono Boost)  
  39  3:17  Probe (Chrono Boost)  
  39  3:20  Phoenix, Probe (Chrono Boost)  
  39  3:24  Probe (Chrono Boost)  
  39  3:27  Probe  
  43  3:30  Robotics Facility  
  44  3:36  Probe  
  45  3:46  Nexus  
  45  3:49  Phoenix  
  45  3:51  Probe  
  48  3:59  Probe  
  48  4:00  Assimilator  
  48  4:02  Assimilator  
  49  4:03  Probe  
  49  4:04  Pylon  
  50  4:11  Probe  
  50  4:15  Probe  
  52  4:23  Probe, Robotics Bay  
  52  4:24  Forge  
  53  4:27  Probe  
  53  4:30  Immortal (Chrono Boost)  
  54  4:36  Phoenix  
  60  4:41  Stalker  
  62  4:55  Gateway  
  62  4:57  Gateway  
  62  4:59  Probe x3  
  65  5:01  Photon Cannon, Observer (Chrono Boost)  
  66  5:07  Pylon  
  66  5:12  Stalker  
  67  5:25  Colossus  
  73  5:29  Probe (Chrono Boost)  
  73  5:30  Probe (Chrono Boost)  
  75  5:37  Probe (Chrono Boost)  
  75  5:41  Probe (Chrono Boost)  
  78  5:46  Probe (Chrono Boost), Protoss Ground Armor Level 1 (Chrono Boost)  
  78  5:47  Probe (Chrono Boost)  
  78  5:48  Probe (Chrono Boost)  
  80  5:53  Probe, Pylon  
  80  5:54  Probe  
  82  5:58  Pylon  
  82  5:59  Probe  
  82  6:02  Pylon  
  83  6:11  Stalker  
  81  6:19  Colossus (Chrono Boost)  
  81  6:20  Probe (Chrono Boost)  
  81  6:21  Probe x2 (Chrono Boost)  
  86  6:31  Probe (Chrono Boost)  
  86  6:32  Probe x2 (Chrono Boost)  
  89  6:33  Phoenix  
  89  6:34  Sentry  
  89  6:37  Probe x3 (Chrono Boost)  
  96  6:46  Probe x3  
  99  6:50  Extended Thermal Lance  
  99  6:53  Twilight Council  
  99  6:56  Assimilator  
  99  6:57  Assimilator  
  99  6:58  Probe x3  
  102  7:04  Pylon  
  102  7:10  Probe x2, Pylon  
  102  7:14  Pylon  
  104  7:15  Probe  
  104  7:20  Pylon  
  104  7:21  Colossus (Chrono Boost)  
  104  7:22  Probe x2  
  113  7:28  Charge, Gateway  
  113  7:29  Gateway  
  113  7:31  Forge  
  113  7:33  Templar Archives  
  113  7:39  Gateway  
  113  7:49  Protoss Ground Weapons Level 1 (Chrono Boost)  
  111  7:51  Zealot  
  111  7:52  Sentry, Zealot  
  111  7:55  Pylon  
  117  8:00  Gateway  
  117  8:02  Gateway  
  117  8:04  Protoss Ground Armor Level 2 (Chrono Boost)  
  117  8:13  Immortal, Psionic Storm  
  117  8:19  Zealot x2  
  125  8:20  Zealot  
  127  8:27  Zealot x2  
  127  8:29  Pylon  
  127  8:30  Pylon  
  131  8:36  High Templar  
  131  8:37  Nexus  
  131  8:39  Pylon  
  133  8:42  High Templar x2  
  137  8:49  High Templar  
  137  8:52  Gateway, Warp Prism  
  137  8:53  Gateway  
  141  9:03  Zealot x4  
  149  9:17  High Templar x2, Stalker  
  151  9:20  Pylon  
  151  9:22  Archon  
  151  9:23  Stalker x4  
  163  9:24  Zealot  
  164  9:35  Pylon  
  164  9:36  Pylon  
  164  9:49  High Templar x2, Zealot  
  164  9:50  Zealot x7  
  184  9:54  Archon  
  178  10:13  Stalker x2  
  178  10:14  Zealot x4, Stalker  
  180  10:15  Zealot  
  188  10:22  Stalker  
  172  10:31  Archon  
  172  10:34  Stalker  
  164  10:37  Zealot x4  
  164  10:38  Zealot x4  
  160  10:49  Archon  
  146  10:50  Zealot  
  124  10:59  Zealot x4  
  124  11:00  Zealot x5  
Show
View Real Time Build Order
Export as new Build Order

Maru Terran 

Build Orders: Reaper Expand 

Get SALT Encoding   

  12  0:00  SCV  
  13  0:12  SCV  
  14  0:16  Supply Depot  
  14  0:24  SCV  
  15  0:38  SCV  
  15  0:40  Barracks  
  16  0:43  Refinery  
  16  0:50  SCV  
  17  1:02  SCV  
  18  1:14  SCV  
  19  1:26  Orbital Command, Reaper  
  20  1:40  Command Center  
  20  1:52  SCV  
  20  1:53  Supply Depot  
  21  1:58  Marine  
  22  2:04  SCV  
  23  2:09  Factory  
  23  2:16  SCV  
  23  2:20  Barracks Reactor  
  24  2:23  Refinery  
  24  2:28  SCV  
  24  2:29  Bunker  
  25  2:40  SCV  
  26  2:52  SCV  
  26  2:55  Orbital Command  
  27  2:59  Starport  
  27  3:03  Marine  
  27  3:04  Widow Mine  
  27  3:05  Widow Mine  
  32  3:06  SCV  
  33  3:13  Supply Depot  
  33  3:18  SCV  
  34  3:26  Widow Mine x2  
  39  3:27  SCV  
  39  3:28  Marine  
  39  3:33  SCV  
  41  3:36  Medivac  
  41  3:39  SCV  
  44  3:45  SCV  
  44  3:46  Supply Depot, Barracks Tech Lab  
  45  3:49  Widow Mine  
  45  3:51  SCV, Widow Mine  
  50  3:57  SCV  
  51  4:03  SCV  
  51  4:06  Medivac  
  51  4:09  SCV  
  55  4:11  Widow Mine  
  55  4:13  Supply Depot  
  55  4:14  Widow Mine  
  59  4:18  SCV  
  59  4:21  SCV  
  61  4:25  Command Center  
  61  4:29  Supply Depot  
  61  4:36  SCV  
  61  4:38  Widow Mine x2  
  65  4:41  SCV  
  65  4:44  Stimpack  
  66  4:48  SCV  
  67  4:53  SCV  
  67  4:54  Barracks  
  67  4:55  Barracks  
  67  4:59  Widow Mine x2  
  72  5:00  SCV  
  72  5:02  Refinery  
  73  5:12  Marine  
  73  5:13  Starport Reactor  
  72  5:15  SCV  
  72  5:17  Barracks  
  72  5:18  Barracks  
  69  5:24  Widow Mine x2  
  69  5:27  SCV  
  70  5:32  Engineering Bay  
  70  5:33  Refinery  
  70  5:34  Engineering Bay  
  64  5:43  Barracks Reactor, Orbital Command, Barracks Tech Lab  
  64  5:44  SCV x2  
  64  5:49  Widow Mine x2  
  70  5:56  SCV  
  71  5:58  SCV  
  71  6:03  Terran Infantry Weapons Level 1, Terran Infantry Armor Level 1  
  72  6:09  SCV, Barracks Tech Lab  
  72  6:10  Widow Mine x2, Barracks Reactor  
  73  6:18  Orbital Command  
  67  6:19  SCV  
  67  6:22  Marine x2, Marauder x2  
  67  6:24  SCV, Missile Turret  
  67  6:25  Missile Turret  
  69  6:31  SCV  
  70  6:33  Combat Shield  
  70  6:35  Medivac  
  70  6:37  SCV, Marauder  
  75  6:40  Marine  
  75  6:42  Missile Turret  
  75  6:43  Supply Depot, Marauder  
  75  6:45  Marine x2  
  79  6:52  SCV x2  
  81  6:56  Medivac  
  82  7:04  SCV x2, Supply Depot  
  82  7:05  Concussive Shells, Medivac  
  86  7:09  Marine x2  
  86  7:10  Marauder x3  
  86  7:12  Supply Depot  
  86  7:13  Marine  
  95  7:16  SCV x2  
  95  7:18  SCV  
  95  7:19  Refinery  
  95  7:21  Marine  
  99  7:23  Refinery  
  99  7:28  SCV  
  99  7:29  SCV  
  101  7:30  SCV  
  101  7:31  Marine x2, Armory  
  101  7:32  Marauder  
  106  7:40  SCV  
  106  7:41  SCV, Supply Depot  
  106  7:42  Marine, Marauder x2  
  106  7:43  SCV, Marine  
  115  7:49  Supply Depot  
  115  7:51  Supply Depot  
  115  7:53  SCV x2  
  117  8:03  SCV, Medivac x2, Marauder  
  117  8:04  Starport  
  122  8:08  Marine x4  
  122  8:11  SCV x2  
  124  8:15  SCV  
  124  8:19  Terran Infantry Weapons Level 2, Terran Infantry Armor Level 2  
  125  8:21  Supply Depot  
  125  8:23  SCV  
  125  8:24  Supply Depot  
  126  8:29  Marine x2  
  126  8:30  Marine, Marauder x3  
  126  8:32  Marine  
  136  8:36  SCV x2  
  136  8:37  Supply Depot  
  137  8:45  Viking x4  
  144  8:53  SCV x3  
  144  8:55  Supply Depot  
  147  8:59  Terran Ship Weapons Level 1, Ghost Academy  
  147  9:15  Viking x3  
  152  9:21  Viking, Command Center  
  152  9:23  Supply Depot  
  154  9:31  Ghost x2  
  154  9:32  Ghost  
  160  9:40  Marine x2  
  160  9:45  Viking  
  160  9:53  Viking x2  
  164  10:00  Marauder x2  
  164  10:01  Supply Depot  
  164  10:02  Missile Turret  
  164  10:05  Missile Turret, Ghost  
  164  10:06  Marine  
  163  10:20  Command Center  
  163  10:21  Ghost  
  163  10:22  Marauder  
  155  10:33  Ghost  
  154  10:42  Ghost  
  144  10:44  Marine x2  
  144  10:49  Ghost  
  133  10:52  Marine x2  
  133  10:55  SCV x3  
Tags
 
Add a new tag
Caveats
  • Supply blocks, unpowered buildings, or Contaminate may cause inaccurate times.
  • Supply counts are checked every 10 seconds.